 Dungeon Crawl Stone Soup version 0.30-a0-883-g5ad918d77d (webtiles) character file.

Game seed: 18127640437499669624

1728 bobarctor the Purveyor of Pain (level 8, 0/52 (56) HPs)
             Began as a Demonspawn Necromancer on Mar 16, 2023.
             Was an Initiate of Kikubaaqudgha.
             Slain by a wight
             ... wielding a +3 morningstar of freezing
              (9 damage)
             ... on level 7 of the Dungeon.
             The game lasted 00:21:01 (5126 turns).

bobarctor the Purveyor of Pain (DsNe)               Turns: 5126, Time: 00:21:02

HP:   0/52 (56)     AC: 14    Str:  9    XL:     8   Next: 76%
MP:   27/27         EV: 18    Int: 19    God:    Kikubaaqudgha [......]
Gold: 289           SH:  6    Dex: 13    Spells: 11/20 levels left

rFire   . . .      SeeInvis .    c - +2 flail (protect)
rCold   . . .      Faith    .    (no shield)
rNeg    . . .      Spirit   .    a - +0 robe
rPois   .          Reflect  .    (helmet restricted)
rElec   .          Rampage  .    C - +2 cloak {Will+}
rCorr   .                        s - +0 pair of gloves
Will    +....                    r - +0 pair of boots
Stlth   ++                       g - amulet of regeneration
HPRegen 1.08/turn                f - +5 ring of evasion
MPRegen 0.20/turn                E - ring of magical power

@: under a protective aura, drained
A: antennae 1, large bone plates 2, demonic guardian 2, powered by pain 1
a: Renounce Religion


You were on level 7 of the Dungeon.
You worshipped Kikubaaqudgha.
Kikubaaqudgha was noncommittal.
You visited 1 branch of the dungeon, and saw 7 of its levels.

You collected 289 gold pieces.

Inventory:

Hand Weapons
 c - a +2 flail of protection (weapon)
 j - a +0 shortbow
 t - a +0 dagger of venom
Missiles
 i - 6 javelins (quivered)
 m - 5 curare-tipped darts
 v - 9 poisoned darts
 w - 4 boomerangs
Armour
 a - a +0 robe (worn)
 r - a +0 pair of boots (worn)
 s - a +0 pair of gloves (worn)
 C - a +2 cloak of willpower (worn)
Magical Staves
 o - a staff of air
Jewellery
 d - the ring "Tiurr" {rC+ Will- Str+5}
   (You found it on level 5 of the Dungeon)

   [ring of protection from cold]

   Str:       It affects your strength (+5).
   rC:        It protects you from cold.
   Will:      It decreases your willpower.
 e - a ring of willpower
 f - a +5 ring of evasion (left hand)
 g - an amulet of regeneration (around neck)
 k - a ring of positive energy
 E - a ring of magical power (right hand)
 F - a ring of fire
Wands
 y - a wand of flame (43)
 H - a wand of paralysis (6)
Scrolls
 n - a scroll of vulnerability {unknown}
 q - 2 scrolls of teleportation {unknown}
 D - a scroll of poison {unknown}
 G - a scroll of acquirement {unknown}
Potions
 b - 2 potions of magic
 h - a potion of berserk rage
 l - 2 potions of might
 p - 4 potions of curing
 u - a potion of mutation
 x - a potion of brilliance
 z - a potion of resistance
 A - a potion of ambrosia
 B - 2 potions of heal wounds


   Skills:
 + Level 2.0 Fighting
 + Level 4.8 Dodging
 + Level 3.6 Stealth
 + Level 2.4 Shields
 * Level 6.9 Spellcasting
 + Level 6.9 Necromancy


You had 11 spell levels left.
You knew the following spells:

 Your Spells              Type           Power      Damage    Failure   Level
a - Necrotise             Necr           100%       1d9       1%          1
b - Vampiric Draining     Necr           32%        2d8       1%          3
c - Agony                 Necr           32%        N/A       16%         5

Your spell library contained the following spells:

 Spells                   Type           Power      Damage    Failure   Level
 Animate Dead             Necr           32%        N/A       6%          4
 Apportation              Tloc           12%        N/A       11%         1
 Alistair's Intoxication  Tmut/Pois      4%         N/A       96%         5


Dungeon Overview and Level Annotations

Branches:
Dungeon (7/15)
 Temple: D:4-7

Altars:
Gozag
Kikubaaqudgha
Makhleb

Annotations:
D:3 1 runed translucent door, Rocko1345's ghost, amateur GnMo


Innate Abilities, Weirdness & Mutations

You have a pair of small antennae on your head.
You are mostly covered in large bone plates. (SH +6)
A demonic guardian rushes to your aid.
You sometimes gain a little power by taking damage.


Message History

Your Fighting skill increases to level 2!
There is an ancient bone altar of Kikubaaqudgha here.
You kneel at the altar of Kikubaaqudgha.
Kikubaaqudgha welcomes you!
Done exploring.
There is an open door here.
There is a stone staircase leading down here.
You climb downwards.
Found a stone staircase leading down.
There is a stone staircase leading up here.
Found an escape hatch in the floor.
You open the door.
Found a stone staircase leading up.
A wight comes into view.
It is wielding a +3 morningstar of freezing.
Found a sling.
There is an open door here.
Your +0 dagger of venom stops dripping with poison.
Your +2 flail of protection hums with potential!
c - a +2 flail of protection (weapon)
A wight comes into view. It is wielding a +0 spear.
There is an open door here.
You block the wight's attack.
You barely miss the wight. You block the wight's attack.
You closely miss the wight.
The wight hits you with a +3 morningstar of freezing.
The wight freezes you.
The wight hits you with a +3 morningstar of freezing!
You feel drained. The wight freezes you.
You closely miss the wight.
The wight hits you with a +3 morningstar of freezing!
You feel drained.
* * * LOW HITPOINT WARNING * * *
A demonic guardian appears!
The wight freezes you.
* * * LOW HITPOINT WARNING * * *
You hit the wight but do no damage.
Your weapon exudes an aura of protection.
The wight closely misses you.
The wight hits you with a +3 morningstar of freezing!
You die...
Kikubaaqudgha rasps: "You have failed me!
Welcome... death!"

#....)..#
#.......+
#....$..#
#.......+
#....<..#####
#............
#............
###z####....z
#@# ... #4#
.. #.#### ...
#.>..+ ....
#..###.....
#.....>....
#...#########
#............
#....########


You could see a wight (ally target) and a friendly rust devil (summoned).

Vanquished Creatures
  2 ogres
  A centaur (D:6)
  3 scorpions
  A kobold brigand (D:6)
  6 hounds
  A sleepcap (D:6)
  An iguana (D:6)
  Robin (D:2)
  4 adders
  A shadow imp (D:6)
  2 white imps
  3 dart slugs
  6 orcs
  4 bats
  5 endoplasms
  4 giant cockroaches
  21 goblins
  11 hobgoblins
  2 jackals (D:2)
  8 kobolds
  6 quokkas
  7 ball pythons
  3 frilled lizards
  2 rats
105 creatures vanquished.

Vanquished Creatures (collateral kills)
  Sigmund (D:6)
  A wraith (D:5)
  An orc warrior (D:6)
  An ogre (D:5)
  2 centaurs
  A phantom (D:5)
  An orc priest (D:6)
  A hound (D:5)
  An orc wizard (D:5)
  A worm (D:2)
  A dart slug (D:2)
  9 orcs
  An endoplasm (D:2)
  A giant cockroach (D:2)
  2 hobgoblins
  A quokka (D:5)
  3 ball pythons
  A bat (D:2)
  A rat (D:1)
31 creatures vanquished.

Grand Total: 136 creatures vanquished

Notes
Turn   | Place    | Note
-------+----------+-------------------------------------------
     0 | D:1      | bobarctor the Demonspawn Necromancer began the quest for
                  | the Orb.
     0 | D:1      | Reached XP level 1. HP: 13/13 MP: 3/3
   288 | D:1      | Gained mutation: A weak demonic guardian rushes to your
                  | aid. [demonic ancestry]
   288 | D:1      | Reached XP level 2. HP: 14/19 MP: 5/5
   354 | D:1      | Found a faded altar of an unknown god.
  1005 | D:2      | Gained mutation: You sometimes gain a little power by
                  | taking damage. [demonic ancestry]
  1005 | D:2      | Reached XP level 3. HP: 24/24 MP: 2/7
  1081 | D:2      | Noticed Robin
  1096 | D:2      | Killed Robin
  1233 | D:2      | Reached skill level 5 in Necromancy
  1299 | D:2      | Gained mutation: A demonic guardian rushes to your aid.
                  | [demonic ancestry]
  1299 | D:2      | Reached XP level 4. HP: 30/30 MP: 3/8
  1353 | D:2      | Learned a level 3 spell: Vampiric Draining
  2028 | D:3      | Found a burning altar of Makhleb.
  2040 | D:3      | Noticed a blizzard demon
  2043 | D:3      | Noticed an orange demon
  2043 | D:3      | Noticed a smoke demon
  2251 | D:3      | Found a runed translucent door.
  2251 | D:3      | Noticed Rocko1345's ghost (amateur GnMo)
  2756 | D:4      | Noticed a scorpion
  2830 | D:4      | Killed a scorpion
  2831 | D:4      | Gained mutation: You are partially covered in large bone
                  | plates. (SH +4) [demonic ancestry]
  2831 | D:4      | Reached XP level 5. HP: 35/35 MP: 5/11
  3083 | D:4      | Learned a level 5 spell: Agony
  3145 | D:4      | Noticed an ogre
  3180 | D:4      | Killed an ogre
  3181 | D:4      | Gained mutation: You have a pair of small antennae on your
                  | head. [demonic ancestry]
  3181 | D:4      | Reached XP level 6. HP: 42/42 MP: 13/13
  3480 | D:5      | Entered Level 5 of the Dungeon
  3545 | D:5      | Reached skill level 5 in Spellcasting
  3581 | D:5      | Found an opulent altar of Gozag.
  3657 | D:5      | Identified the ring "Tiurr" {rC+ Will- Str+5}
  3752 | D:5      | Noticed a wraith
  3762 | D:5      | Gained mutation: You are mostly covered in large bone
                  | plates. (SH +6) [demonic ancestry]
  3762 | D:5      | Reached XP level 7. HP: 43/47 MP: 14/14
  3777 | D:5      | Killed a wraith
  3778 | D:5      | Reached skill level 1 in Shields
  3915 | D:5      | Reached skill level 1 in Fighting
  4323 | D:6      | Reached XP level 8. HP: 54/54 MP: 17/17
  4793 | D:6      | Noticed Sigmund
  4809 | D:6      | Killed Sigmund
  5055 | D:6      | Found an ancient bone altar of Kikubaaqudgha.
  5068 | D:6      | Became a worshipper of Kikubaaqudgha
  5126 | D:7      | Slain by a wight

Illustrated notes

Levels and vault maps discovered:
D:1:      dpeg_arrival_tiny_d, layout_basic,
          hellmonk_ecumenical_altar_arch_garden
D:2:      layout_rooms, uniq_robin
D:3:      layout_basic, makhleb_altar_promises_db,
          hellmonk_ghost_happy_afterlife, bh_walls_and_bars
D:4:      layout_rooms, minmay_misc_feat_more_columns, minmay_door_square,
          minmay_ogre_servants
D:5:      layout_loops_ring, nicolae_overflow_crystal_walls, minmay_holes,
          minmay_strange_pillars, minivault_14
D:6:      layout_loops_ring, kennysheep_little_box, sigmund_army
D:7:      layout_basic, minmay_temple_entry_junction, minmay_misc_feat_room

Skill      XL: |  1  2  3  4  5  6  7  8 |
---------------+-------------------------+-----
Dodging        | 2 3 4 |  4.8
Spellcasting   | 3 4 5 6 |  6.9
Necromancy     | 5 6 |  6.9
Stealth        | 2 3 |  3.6
Shields        | 1 2 |  2.4
Fighting       | 1 2 |  2.0

Action                     |  1- 3 |  4- 6 |  7- 9 || total
---------------------------+-------+-------+-------++-------
  Melee: Short sword       |    47 |    30 |       ||    77
         Punch             |     1 |       |     3 ||     4
         Dagger            |       |   175 |    73 ||   248
         Flail             |       |       |    30 ||    30
   Cast: Necrotise         |    50 |    34 |     9 ||    93
         Vampiric Draining |       |     1 |       ||     1
    Use: Scroll            |       |     7 |     3 ||    10
   Stab: Sleeping          |     2 |     1 |     1 ||     4
 Armour: Robe              |    12 |    42 |    28 ||    82
  Dodge: Dodged            |    50 |   175 |    94 ||   319
  Block: Other             |       |    19 |    37 ||    56

Table legend: (Time is in decaauts)
 A = Elapsed time spent in this place.
 B = Non-inter-level travel time spent in this place.
 C = Inter-level travel time spent in this place.
 D = Time resting spent in this place.
 E = Time spent auto-exploring this place.
 F = Levels seen in this place.
 G = Mean time per level.
                   A        B        C        D        E       F      G
               +--------+--------+--------+--------+--------+-----+--------+
         Total |   5130 |   4905 |    225 |    440 |   3162 |   7 |  732.9 |
       Dungeon |   5130 |   4905 |    225 |    440 |   3162 |   7 |  732.9 |
               +--------+--------+--------+--------+--------+-----+--------+

Top non-repeatable levels by time:
     D:2: 935 daAuts
     D:3: 900 daAuts
     D:1: 900 daAuts
     D:5: 838 daAuts
     D:6: 786 daAuts
     D:4: 739 daAuts
     D:7: 29 daAuts
